 Dungeon Crawl Stone Soup version 0.21-a0-140-g479285b (webtiles) character file.

1542 tilp the Spear-Bearer (level 8, 0/52 HPs)
             Began as a Merfolk Ice Elementalist on July 19, 2017.
             Was an Initiate of Yredelemnul.
             Slain by Menkaure (12 damage)
             ... on level 5 of the Dungeon on July 20, 2017.
             The game lasted 00:28:22 (6123 turns).

tilp the Spear-Bearer (Merfolk Ice Elementalist)    Turns: 6123, Time: 00:28:23

Health: 0/52       AC: 16    Str:  9    XL:     8   Next: 87%
Magic:  2/12       EV: 13    Int: 16    God:    Yredelemnul [......]
Gold:   332        SH:  0    Dex: 14    Spells: 6/12 levels left

rFire    . . .     SeeInvis .   e - +0 spear (venom)
rCold    . . .     Gourm    .   (no shield)
rNeg     . . .     Faith    .   l - +0 leather armour
rPois    .         Spirit   .   (no helmet)
rElec    .         Reflect  .   B - +1 cloak
rCorr    .         Harm     .   m - +1 pair of gloves
MR       .....                  d - +2 pair of boots
Stlth    ++........             (no amulet)
HPRegen  0.17/turn              (no ring)
MPRegen  0.13/turn              (no ring)

@: icy armour, slow
A: change form in water, swift swim, stealthy swim
a: Renounce Religion


You were on level 5 of the Dungeon.
You worshipped Yredelemnul.
Yredelemnul was noncommittal.
You were not hungry.

You visited 2 branches of the dungeon, and saw 6 of its levels.

You collected 332 gold pieces.

Inventory:

Hand Weapons
 e - a +0 spear of venom (weapon)
 s - a +2 short sword of speed
 A - the +6 hand axe of Spores {freeze, rElec rC+++ Str-3 SInv}
   (You found it on level 5 of the Dungeon)

   It has been specially enchanted to freeze those struck by it, causing extra
   injury to most foes and up to half again as much damage against particularly
   susceptible opponents.
   It can also slow down cold-blooded creatures.
   It affects your strength (-3).
   It renders you almost immune to cold.
   It insulates you from electricity.
   It lets you see invisible.
Missiles
 g - 4 javelins
 w - 6 javelins of returning (quivered)
Armour
 d - a +2 pair of boots (worn)
 l - a +0 leather armour (worn)
 m - a +1 pair of gloves (worn)
 B - a +1 cloak (worn)
Jewellery
 a - an uncursed amulet of harm
 o - a cursed -3 ring of evasion
 x - a cursed ring of teleportation {unknown}
 I - a +5 ring of intelligence {unknown}
Wands
 q - a wand of polymorph (14/24)
 r - a wand of disintegration (11/24)
Scrolls
 i - a scroll of fog
 j - a scroll of recharging
 n - 4 scrolls of fear
 u - a scroll of immolation
 y - a scroll of teleportation
 z - a scroll of magic mapping
 G - a scroll of amnesia
 H - 2 scrolls of remove curse
Potions
 f - 3 potions of curing
 h - a potion of mutation
 k - a potion of heal wounds {unknown}
 t - 3 potions of haste
 v - 2 potions of brilliance {unknown}
 C - a potion of might {unknown}
 E - a potion of degeneration {unknown}
Books
 b - a book of Frost

   Spells                             Type                      Level
   a - Freeze                         Ice                          1
   b - Throw Frost                    Conjuration/Ice              2
   c - Ozocubu's Armour               Charms/Ice                   3
   d - Throw Icicle                   Conjuration/Ice              4
   e - Summon Ice Beast               Ice/Summoning                4
Comestibles
 c - 5 bread rations
 D - 7 fruits
 F - a meat ration


   Skills:
 + Level 8.7 Polearms
 - Level 4.2 Dodging
 - Level 2.1 Stealth
 - Level 2.6 Spellcasting
 - Level 2.0 Conjurations
 + Level 6.6 Charms
 - Level 6.1 Ice Magic


You had 6 spell levels left.
You knew the following spells:

 Your Spells              Type           Power        Failure   Level  Hunger
a - Freeze                Ice            ###.         2%          1    #......
b - Throw Frost           Conj/Ice       ###...       8%          2    ##.....
c - Ozocubu's Armour      Chrm/Ice       ###.....     6%          3    ###....


Dungeon Overview and Level Annotations

Branches:
Dungeon (5/15)             Temple (1/1) D:5

Altars:
Ashenzari
Cheibriados
Dithmenos
Elyvilon
Fedhas
Gozag
Hepliaklqana
Kikubaaqudgha
Makhleb
Nemelex Xobeh
Okawaru
Qazlal
Ru
Sif Muna
Trog
Uskayaw
Vehumet
Wu Jian
Xom
Yredelemnul
Zin

Annotations:
D:5 Menkaure


Message History

You hit Menkaure but do no damage.
Menkaure is heavily damaged.
Menkaure hits you but does no damage.
You hit Menkaure.
Menkaure is severely damaged.
Menkaure hits you.
* * * LOW HITPOINT WARNING * * *
You hit Menkaure.
Menkaure is severely damaged.
Menkaure misses you.
Your leather armour prevents you from hitting Menkaure.
Menkaure is severely damaged.
Menkaure barely misses you.
You barely miss Menkaure.
Menkaure is severely damaged.
Your leather armour prevents you from hitting Menkaure.
Menkaure is severely damaged.
Menkaure hits you!
You die...
Your body rises from the dead as a mindless zombie.

###### #.@..# #M##.##
#.#...# ###.#.♣.#
#....#...# #..##.##.##
##########..# #. #.#
..........#####.##.##
####.....##...###...###.


You could see Menkaure.

Vanquished Creatures
  Eustachio (D:5)
  A sky beast (D:5)
  An ice beast (D:5)
  2 centaurs (D:5)
  4 ogres (D:5)
  A bullfrog (D:4)
  A scorpion (D:4)
  A howler monkey (D:5)
  A quasit (D:4)
  A centaur zombie (D:5)
  2 hounds (D:5)
  4 orc priests
  Terence (D:2)
  3 worker ants
  7 gnolls
  4 adders
  An adder skeleton (D:5)
  A worm (D:2)
  2 dart slugs
  4 leopard geckos
  21 orcs
  A ball python (D:1)
  6 bats
  4 giant cockroaches
  9 goblins
  4 hobgoblins
  8 jackals
  5 kobolds
  2 quokkas
  7 frilled lizards
  A jackal skeleton (D:4)
  6 rats
117 creatures vanquished.

Notes
Turn   | Place    | Note
-------+----------+-------------------------------------------
     0 | D:1      | tilp the Merfolk Ice Elementalist began the quest for the Orb.
     0 | D:1      | Reached XP level 1. HP: 13/13 MP: 3/3
   184 | D:1      | Reached skill level 1 in Polearms
   190 | D:1      | Reached XP level 2. HP: 17/19 MP: 5/5
   495 | D:1      | Learned a level 2 spell: Throw Frost
   861 | D:2      | Reached skill level 2 in Polearms
   913 | D:2      | Reached XP level 3. HP: 24/24 MP: 7/7
   922 | D:2      | Learned a level 3 spell: Ozocubu's Armour
  1016 | D:2      | Found an ancient bone altar of Kikubaaqudgha.
  1114 | D:2      | Noticed Terence
  1279 | D:2      | Reached skill level 1 in Conjurations
  1491 | D:2      | Found a sparkling altar of Nemelex Xobeh.
  1704 | D:2      | Killed Terence
  1704 | D:2      | Reached XP level 4. HP: 22/30 MP: 1/8
  2163 | D:3      | Found an ornate altar of the Wu Jian Council.
  2515 | D:3      | Reached XP level 5. HP: 34/35 MP: 9/9
  2679 | D:3      | Found a faded altar of an unknown god.
  3107 | D:4      | Found a radiant altar of Vehumet.
  3135 | D:4      | Reached skill level 1 in Charms
  3325 | D:4      | Reached skill level 3 in Polearms
  3325 | D:4      | Reached XP level 6. HP: 29/41 MP: 7/10
  3987 | D:4      | Reached skill level 5 in Ice Magic
  4007 | D:4      | Found a sparkling altar of Nemelex Xobeh.
  4067 | D:4      | Reached skill level 4 in Polearms
  4301 | D:5      | Entered Level 5 of the Dungeon
  4306 | D:5      | Noticed Eustachio
  4354 | D:5      | Reached XP level 7. HP: 36/46 MP: 9/11
  4404 | D:5      | Killed Eustachio
  4404 | D:5      | Reached skill level 5 in Polearms
  4842 | D:5      | Got an iridescent hand axe
  4852 | D:5      | Identified the +6 hand axe of Spores {freeze, rElec rC+++ Str-3 SInv} (You found it on level 5 of the Dungeon)
  5112 | D:5      | Reached skill level 6 in Polearms
  5112 | D:5      | Reached XP level 8. HP: 52/52 MP: 9/12
  5251 | D:5      | Reached skill level 5 in Charms
  5352 | D:5      | Reached skill level 7 in Polearms
  5481 | D:5      | Reached skill level 8 in Polearms
  5695 | D:5      | Found a staircase to the Ecumenical Temple.
  5703 | Temple   | Entered the Ecumenical Temple
  5776 | Temple   | Became a worshipper of Yredelemnul the Dark
  5882 | D:5      | Found a deep blue altar of Sif Muna.
  5883 | D:5      | Found an opulent altar of Gozag.
  5922 | D:5      | Found a white marble altar of Elyvilon.
  6088 | D:5      | Noticed Menkaure
  6123 | D:5      | Slain by Menkaure

Vault maps used:
D:1:      elethiomel_arrival_maze
D:2:      kiku_gazebo_garden_becter, nemelex_xobeh_ov_fountains_minmay,
          first_bread, uniq_terence
D:3:      lemuel_round_altar, chequers_ecumenical_altar_simple
D:4:      old_standard_altar, nemelex_spade_bored_becter
D:5:      gammafunk_temple_overflow_wave, minmay_temple_entry_glassed_door,
          elyvilon_altar_1, uniq_eustachio, uniq_menkaure
Temple:   eino_temple_lava

Skill      XL: |  1  2  3  4  5  6  7  8 |
---------------+-------------------------+-----
Polearms       | 1 2 3 4 6 8 |  8.7
Conjurations   | 1 2 |  2.0
Dodging        | 3 4 |  4.2
Ice Magic      | 4 5 6 |  6.1
Charms         | 1 2 4 6 |  6.6
Stealth        | |  2.1
Spellcasting   | |  2.6

Action                   |  1- 3 |  4- 6 |  7- 9 || total
-------------------------+-------+-------+-------++-------
Melee: Spear             |    90 |   238 |   204 ||   532
       Hand axe          |       |       |     6 ||     6
Throw: Javelin           |       |     4 |     2 ||     6
 Cast: Freeze            |     7 |    23 |    37 ||    67
       Throw Frost       |     1 |     1 |       ||     2
       Ozocubu's Armour  |       |       |    11 ||    11
  Use: Scroll            |     8 |     7 |     2 ||    17
       Potion            |       |     2 |     2 ||     4
 Stab: Sleeping          |     1 |     5 |     1 ||     7
  Eat: Chunk             |     2 |     4 |     6 ||    12
       Meat ration       |       |     1 |     1 ||     2
Armor: Robe              |    38 |    53 |    38 ||   129
       Skin              |       |    44 |   145 ||   189
       Leather armour    |       |       |    22 ||    22
Dodge: Dodged            |    84 |   124 |   161 ||   369
